 Dungeon Crawl Stone Soup version 0.30.0-19-g36f170ea60 (webtiles) character file.

Game seed: 6020128163095616934

170 Saqittel the Poker (level 5, 0/47 HPs)
             Began as a Gnoll Chaos Knight on May 26, 2023.
             Was a Plaything of Xom.
             Slain by Grinder (2 damage)
             ... on level 4 of the Dungeon.
             The game lasted 00:13:13 (5059 turns).

Saqittel the Poker (Gnoll Chaos Knight)             Turns: 5059, Time: 00:13:13

Health: 0/47       AC:  7    Str:  8 (10) XL:     5   Next: 51%
Magic:  7/7        EV: 11    Int: 16      God:    Xom [.....*]
Gold:   76         SH:  0    Dex: 10      Spells: 7/7 levels left

rFire   . . .        a - +0 spear (chaos)
rCold   . . .        (no shield)
rNeg    . . .        b - +2 leather armour
rPois   +            (no helmet)
rElec   .            (no cloak)
rCorr   .            (no gloves)
SInv    .            (no boots)
Will    .....        i - amulet of magic regeneration
Stlth   +            (no ring)
HPRegen 0.27/turn    (no ring)
MPRegen 0.50/turn

%: no passive effects
@: no status effects
A: fangs 1, strong nose, distributed training, talons 1, iridescent scales 1,
clever 1, poison resistance, weak 1
a: Renounce Religion


You were on level 4 of the Dungeon.
You worshipped Xom.
You were Xom's teddy bear.
You visited 1 branch of the dungeon, and saw 5 of its levels.

You collected 76 gold pieces.

Inventory:

Hand Weapons
 a - a +0 spear of chaos (weapon)
 g - a +0 short sword
 j - a +0 hand axe
Armour
 b - a +2 leather armour (worn)
Jewellery
 i - an amulet of magic regeneration (around neck)
Scrolls
 e - a scroll of blinking {unknown}
 f - 3 scrolls of identify
 k - a scroll of fear {unknown}
Potions
 d - a potion of might {unknown}
 h - a potion of attraction {unknown}
Miscellaneous
 c - a piece from Xom's chessboard (13/15) (quivered)


   Skills:
 + Level 6.7 Fighting
 + Level 1.6 Short Blades
 + Level 1.6 Long Blades
 + Level 1.6 Axes
 + Level 1.6 Maces & Flails
 + Level 6.7 Polearms
 + Level 1.6 Staves
 + Level 1.6 Ranged Weapons
 + Level 1.6 Throwing
 + Level 4.8 Armour
 + Level 3.0 Dodging
 + Level 1.6 Stealth
 + Level 1.6 Shields
 + Level 1.6 Unarmed Combat
 + Level 1.6 Spellcasting
 + Level 1.2 Conjurations
 + Level 1.2 Hexes
 + Level 1.2 Summonings
 + Level 1.2 Necromancy
 + Level 1.2 Translocations
 + Level 1.2 Transmutations
 + Level 1.2 Fire Magic
 + Level 1.2 Ice Magic
 + Level 1.2 Air Magic
 + Level 1.2 Earth Magic
 + Level 1.2 Poison Magic
 + Level 1.8 Invocations
 + Level 1.6 Evocations


You had 7 spell levels left.
You didn't know any spells.
Your spell library was empty.

Dungeon Overview and Level Annotations

Branches:
Dungeon (5/15)
 Temple: D:4-7

Altars:
Fedhas
Okawaru
Vehumet
Xom

Annotations:
D:4 1 runed translucent door, Grinder; laial's ghost, amateur VSMo


Innate Abilities, Weirdness & Mutations

You have very sharp teeth.
Your uncanny sense of smell can sniff out nearby items.
Your experience applies equally to all skills.
You have sharp toenails.
You are partially covered in iridescent scales. (AC +2)
Your mind is acute. (Int +4, Str/Dex -1)
Your system is resistant to poisons. (rPois)
You are weak. (Str -2)


Message History

The black bear is almost dead. "This might be better!"
The black bear is charmed.
Grinder hits your black bear!
Your black bear dies!
You feel your dexterity returning.
Your piece from Xom's chessboard (14/15) has regained two charges.
Your life force feels restored.
Your Dodging skill increases to level 3!
You have reached level 5!
You hit Grinder. You burn Grinder. You claw Grinder.
Grinder is lightly wounded.
You barely miss Grinder.
Grinder is lightly wounded.
Grinder misses you.
You hit Grinder but do no damage. You claw Grinder. Your bite misses Grinder.
Grinder is moderately wounded.
Grinder hits you.
You hit Grinder. Your kick misses Grinder.
Grinder is moderately wounded.
You barely miss Grinder. Your kick misses Grinder.
Grinder is moderately wounded.
Grinder hits you.
You writhe in agony.
* * * LOW HITPOINT WARNING * * *
Unknown command.
You closely miss Grinder.
Grinder is moderately wounded.
Grinder hits you but does no damage.
You make a move on Xom's chessboard...
Grinder flickers and vanishes!
Deactivating autopickup; reactivate with Ctrl-A.
Something hits you!
* * * LOW HITPOINT WARNING * * *
Autopickup is now on.
Deactivating autopickup; reactivate with Ctrl-A.
The goblin shouts!
You hit something. Something hits you but does no damage. Something hits you.
* * * LOW HITPOINT WARNING * * *
You writhe in agony.
You die... "Boring in life, boring in death..."

.# #.# ######..##
#........#
#.<......#
#........#
#.......=###########
#...{....g..........
#..@†.!...........<.
#...............g...
###.#.###..........#
..#.# ..$..(....#
.##.# ..........# #.
.# ..........# #.
.........!# #.
..........#
###########


You could see a goblin.

Vanquished Creatures
  3 adders (D:2)
  An ufetubus (D:5)
  2 worms (D:2)
  A dart slug (D:4)
  6 endoplasms
  3 giant cockroaches
  5 goblins
  4 hobgoblins
  2 jackals (D:2)
  A quokka (D:2)
  3 ball pythons
  4 bats
  2 frilled lizards
  4 kobolds (D:1)
  5 rats
46 creatures vanquished.

Vanquished Creatures (others)
  A black bear (D:4)
1 creature vanquished.

Grand Total: 47 creatures vanquished

Notes
Turn   | Place    | Note
-------+----------+-------------------------------------------
     0 | D:1      | Saqittel the Gnoll Chaos Knight began the quest for the
                  | Orb.
     0 | D:1      | Reached XP level 1. HP: 23/23 MP: 1/1
   114 | D:1      | XOM: silly message
   163 | D:1      | XOM: silly message
   192 | D:1      | Reached XP level 2. HP: 13/29 MP: 2/2
   791 | D:2      | XOM: silly message
   806 | D:2      | Reached XP level 3. HP: 32/35 MP: 3/3
   818 | D:2      | Gained mutation: Your mind is acute. (Int +4, Str/Dex -1)
                  | [potion of mutation]
   818 | D:2      | Gained mutation: You have sharp toenails. [potion of
                  | mutation]
   818 | D:2      | Gained mutation: You are weak. (Str -2) [potion of
                  | mutation]
   818 | D:2      | Gained mutation: You are partially covered in iridescent
                  | scales. (AC +2) [potion of mutation]
   860 | D:2      | XOM: divination: detect creatures
   869 | D:2      | Reached skill level 1 in Invocations
   874 | D:2      | Reached skill level 1 in Short Blades
   874 | D:2      | Reached skill level 1 in Long Blades
   874 | D:2      | Reached skill level 1 in Axes
   874 | D:2      | Reached skill level 1 in Maces & Flails
   874 | D:2      | Reached skill level 1 in Staves
   874 | D:2      | Reached skill level 1 in Ranged Weapons
   874 | D:2      | Reached skill level 1 in Throwing
   874 | D:2      | Reached skill level 1 in Stealth
   874 | D:2      | Reached skill level 1 in Shields
   874 | D:2      | Reached skill level 1 in Unarmed Combat
   874 | D:2      | Reached skill level 1 in Spellcasting
   874 | D:2      | Reached skill level 1 in Evocations
   987 | D:2      | XOM: cloud trail
  1008 | D:2      | XOM: 2-stop teleportation journey
  1070 | D:2      | Reached XP level 4. HP: 27/41 MP: 5/5
  1563 | D:2      | XOM: god gift: runed bronze amulet {god gift}
  2363 | D:2      | XOM: noise
  2732 | D:2      | XOM: god gift: scroll labelled OFO ACUBOIF {god gift}
  3030 | D:2      | XOM: draining
  4612 | D:2      | XOM: cloud trail
  4630 | D:2      | XOM is BORED!
  4630 | D:2      | XOM: torment (18/34 hp)
  4799 | D:2      | XOM: give mutation
  4799 | D:2      | Gained mutation: Your system is resistant to poisons.
                  | (rPois) [Xom's grace]
  4821 | D:3      | Found an iron altar of Okawaru.
  4821 | D:3      | Found a shimmering altar of Xom.
  4823 | D:3      | Found a blossoming altar of Fedhas.
  4830 | D:3      | Found a radiant altar of Vehumet.
  4857 | D:3      | You fall into a shaft and drop 2 floors!
  4857 | D:5      | Entered Level 5 of the Dungeon
  4872 | D:5      | Reached skill level 1 in Conjurations
  4872 | D:5      | Reached skill level 1 in Hexes
  4872 | D:5      | Reached skill level 1 in Summonings
  4872 | D:5      | Reached skill level 1 in Necromancy
  4872 | D:5      | Reached skill level 1 in Translocations
  4872 | D:5      | Reached skill level 1 in Transmutations
  4872 | D:5      | Reached skill level 1 in Fire Magic
  4872 | D:5      | Reached skill level 1 in Ice Magic
  4872 | D:5      | Reached skill level 1 in Air Magic
  4872 | D:5      | Reached skill level 1 in Earth Magic
  4872 | D:5      | Reached skill level 1 in Poison Magic
  4918 | D:5      | XOM: cloud trail
  4933 | D:5      | Noticed a phantom
  4938 | D:5      | XOM: fog
  4941 | D:4      | Noticed a black bear
  4969 | D:4      | Found a runed translucent door.
  4969 | D:4      | Noticed laial's ghost (amateur VSMo)
  4969 | D:4      | Noticed Grinder
  4969 | D:4      | XOM: 10-stop teleportation journey
  5049 | D:4      | XOM: enchant monster (good)
  5050 | D:4      | Reached XP level 5. HP: 23/47 MP: 5/7
  5059 | D:4      | HP: 2/47 [something (4)]
  5059 | D:4      | Slain by Grinder

Illustrated notes

Levels and vault maps discovered:
D:1:      giann_bridges, layout_basic
D:2:      layout_rooms
D:3:      layout_loops_ring, minitemple, shapermc_ecumenical_altar_venn,
          uniq_terence, uniq_ijyb
D:4:      layout_rooms, hellmonk_ghost_happy_afterlife, uniq_grinder
D:5:      layout_basic, gammafunk_ghost_smash, minivault_19, uniq_duvessa

Skill      XL: |  1  2  3  4 |
---------------+-------------+-----
Invocations    | 1 |  1.8
Short Blades   | 1 |  1.6
Long Blades    | 1 |  1.6
Axes           | 1 |  1.6
Maces & Flails | 1 |  1.6
Staves         | 1 |  1.6
Ranged Weapons | 1 |  1.6
Throwing       | 1 |  1.6
Stealth        | 1 |  1.6
Shields        | 1 |  1.6
Unarmed Combat | 1 |  1.6
Spellcasting   | 1 |  1.6
Evocations     | 1 |  1.6
Conjurations   | 1 |  1.2
Hexes          | 1 |  1.2
Summonings     | 1 |  1.2
Necromancy     | 1 |  1.2
Translocations | 1 |  1.2
Transmutations | 1 |  1.2
Fire Magic     | 1 |  1.2
Ice Magic      | 1 |  1.2
Air Magic      | 1 |  1.2
Earth Magic    | 1 |  1.2
Poison Magic   | 1 |  1.2
Dodging        | 3 |  3.0
Fighting       | |  6.7
Polearms       | |  6.7
Armour         | |  4.8

Action                     |  1- 3 |  4- 6 || total
---------------------------+-------+-------++-------
  Melee: Spear             |   122 |    69 ||   191
         Bite              |     8 |     7 ||    15
         Kick              |     6 |    18 ||    24
         Punch             |       |     1 ||     1
  Evoke: Piece from Xom's  |     1 |     3 ||     4
    Use: Potion            |     3 |       ||     3
         Scroll            |     2 |     1 ||     3
   Stab: Sleeping          |     1 |       ||     1
 Armour: Leather armour    |    33 |    37 ||    70
  Dodge: Dodged            |    46 |    47 ||    93
